 Dungeon Crawl Stone Soup version 0.24-a0-416-g56ce5178b7 (webtiles) character file.

Game seed: 245600709670437002

346 KristoblXynda the Slasher (level 6, -12/52 HPs)
             Began as a Draconian Gladiator on June 8, 2019.
             Mangled by a large abomination (35 damage)
             ... on level 1 of the Abyss.
             The game lasted 00:06:37 (2672 turns).

KristoblXynda the Slasher (Draconian Gladiator)     Turns: 2672, Time: 00:06:39

Health: -12/52     AC:  6    Str: 17    XL:     6   Next: 32%
Magic:  6/6        EV: 19    Int: 10    God:
Gold:   100        SH:  0    Dex: 17    Spells: 5/5 levels left

rFire    + . .     SeeInvis .   a - +0 long sword
rCold    . . .     Gourm    .   (no shield)
rNeg     . . .     Faith    .   (armour unavailable)
rPois    .         Spirit   .   b - +0 hat
rElec    .         Reflect  .   (no cloak)
rCorr    .         Harm     .   (no gloves)
MR       +....                  (no boots)
Stlth    +++.......             (no amulet)
HPRegen  0.17/turn              k - ring of protection from fire
MPRegen  0.10/turn              g - ring of protection from magic

@: agile
A: unfitting armour, cold-blooded, AC +6
a: no special abilities


You were on level 1 of the Abyss.
You were very hungry.

You visited 1 branch of the dungeon, and saw 3 of its levels.
You visited the Abyss 1 time.
You also visited: Sewer.

You collected 100 gold pieces.

Inventory:

Hand Weapons
 a - a +0 long sword (weapon)
Missiles
 c - 3 throwing nets (quivered)
Armour
 b - a +0 hat (worn)
Jewellery
 g - a ring of protection from magic (right hand)
 k - a ring of protection from fire (left hand)
Wands
 h - a wand of flame (12)
Scrolls
 l - a scroll of amnesia
Potions
 e - a potion of heal wounds
 f - a potion of flight
Comestibles
 d - 4 rations


   Skills:
 + Level 4.0 Fighting
 * Level 5.4 Long Blades
 - Level 2.0 Throwing
 + Level 3.9 Dodging


You had 5 spell levels left.
You didn't know any spells.
Your spell library was empty.

Dungeon Overview and Level Annotations

Branches:
Dungeon (3/15)

Altars:
Okawaru
Uskayaw

Annotations:
D:3 Terence


Innate Abilities, Weirdness & Mutations

Your plain brown scales are hard. (AC +6)
You cannot fit into any form of body armour.
You are cold-blooded and may be slowed by cold attacks.


Message History

Your Long Blades skill increases to level 5!
You have reached level 6!
Your experience leads to an increase in your attributes!
Your base attributes are Str 17, Int 9, Dex 12.
Increase (S)trength, (I)ntelligence, or (D)exterity?
You feel clever.
Your scales feel tougher.
The substance of the Abyss twists violently, and a gateway leading out appears!
You start resting.
You are feeling very hungry.
A large abomination comes into view.
The large abomination completely misses you.
The large abomination hits you!!
Ouch! That really hurt!
The large abomination closely misses you.
The large abomination hits you but does no damage.
The large abomination completely misses you.
You hit the large abomination but do no damage.
The large abomination hits you!!
Ouch! That really hurt!
You die...

. . ... ... ..
....#.. ####.# # ....
.###....# # .. .#
#.#.#..## .#
..##....∩#### . . . .
#......#.#..# # #
#.##........#.##.#...
.#..###X...#........
♣≈
#.##.@X.##....#....#
≈ ≈ ≈ #≈###...##
...#.. . ##
#.#.#.##..# .#.#. #
## ##. #### # ###3#
#. #. #. # #. #.


You could see 2 large abominations.

Vanquished Creatures
  A ynoxinul (Abyss:1)
  Ijyb (D:3)
  8 adders
  2 river rats (Sewer)
  3 oozes
  4 worms (D:3)
  2 dart slugs
  3 leopard geckos
  An orc (D:3)
  3 ball pythons
  5 bats
  A giant cockroach (D:2)
  3 hobgoblins
  4 quokkas (D:2)
  4 frilled lizards
  5 goblins
  10 kobolds
  4 rats
64 creatures vanquished.

Notes
Turn   | Place    | Note
-------+----------+-------------------------------------------
     0 | D:1      | KristoblXynda the Draconian Gladiator began the quest for
                  | the Orb.
     0 | D:1      | Reached XP level 1. HP: 17/17 MP: 1/1
   404 | D:1      | Reached XP level 2. HP: 25/25 MP: 2/2
  1014 | D:2      | Noticed a +0 hand axe
  1014 | D:2      | Noticed a +0 dagger
  1025 | D:2      | Reached XP level 3. HP: 30/30 MP: 3/3
  1029 | D:2      | Found a hide-covered altar of Uskayaw.
  1039 | D:2      | Found an iron altar of Okawaru.
  1401 | D:2      | Reached skill level 4 in Long Blades
  1526 | D:2      | Reached XP level 4. HP: 33/37 MP: 4/4
  1826 | D:3      | Noticed Ijyb
  1841 | D:3      | Killed Ijyb
  1890 | D:3      | Reached XP level 5. HP: 14/45 MP: 5/5
  2110 | D:3      | Noticed Terence
  2166 | D:3      | Found a glowing drain.
  2174 | Sewer    | Entered a sewer
  2532 | Sewer    | Cast into level 1 of the Abyss (kobold)
  2573 | Abyss:1  | Noticed an apocalypse crab
  2578 | Abyss:1  | Noticed a small abomination
  2615 | Abyss:1  | Noticed a ynoxinul
  2635 | Abyss:1  | Killed a ynoxinul
  2635 | Abyss:1  | Reached skill level 5 in Long Blades
  2635 | Abyss:1  | Reached XP level 6. HP: 48/52 MP: 6/6
  2649 | Abyss:1  | Noticed a large abomination
  2663 | Abyss:1  | Noticed a large abomination
  2672 | Abyss:1  | Mangled by a large abomination

Levels and vault maps discovered:
D:1:      dpeg_arrival_solitude, layout_basic, serial_bayou_ford_a
D:2:      layout_basic, dancing_weapons_uskayaw, okawaru_ov_weapons_minmay
D:3:      layout_rooms, lightli_sewer_entry_pipes, uniq_terence, uniq_ijyb
Abyss:1
Sewer:    sewer_co_tree

Skill      XL: |  1  2  3  4  5 |
---------------+----------------+-----
Throwing       | 2 |  2.0
Dodging        | 3 |  3.9
Long Blades    | 4 5 |  5.4
Fighting       | 3 4 |  4.0

Action                   |  1- 3 |  4- 6 || total
-------------------------+-------+-------++-------
Melee: Long sword        |    71 |   118 ||   189
       Tailslap          |     9 |    11 ||    20
  Use: Potion            |       |     6 ||     6
       Scroll            |       |     5 ||     5
 Stab: Sleeping          |     1 |       ||     1
  Eat: Chunk             |     2 |     3 ||     5
Armor: Skin              |    19 |    29 ||    48
Dodge: Dodged            |    57 |    96 ||   153
       Rpst.: Long sword |    22 |    35 ||    57

Table legend:
 A = Non-vault XP
 B = Vault XP
 C = Vault XP percentage of total XP
 D = Non-vault monster count
 E = Vault monster count
 F = Vault count percentage of total count
                 A         B        C        D         E       F
            +---------+---------+-------+---------+---------+-------
      Total |     348 |     147 |  29.7 |      46 |      18 |  28.1
            +---------+---------+-------+---------+---------+-------
        D:1 |      29 |       0 |   0.0 |      15 |       0 |   0.0
        D:2 |      71 |       0 |   0.0 |      24 |       0 |   0.0
        D:3 |      40 |      90 |  69.2 |       6 |       9 |  60.0
    Abyss:1 |     208 |       0 |   0.0 |       1 |       0 |   0.0
      Sewer |       0 |      57 | 100.0 |       0 |       9 | 100.0
            +---------+---------+-------+---------+---------+-------
